 Dungeon Crawl Stone Soup version 0.31-a0-204-g7da18cac08 (webtiles) character file.

Game seed: 17541119051600114335

35 qw the Shooter (level 3, 0/20 HPs)
             Began as a Deep Elf Hunter on June 27, 2023.
             Succumbed to their own poison gas
             ... on level 1 of the Dungeon.
             The game lasted 00:00:21 (912 turns).

qw the Shooter (Deep Elf Hunter)                     Turns: 912, Time: 00:00:21

Health: 0/20       AC:  3    Str: 10    XL:     3   Next: 16%
Magic:  5/5        EV: 27    Int: 13    God:
Gold:   58         SH:  0    Dex: 18    Spells: 2/2 levels left

rFire   . . .        Y - +1 shortbow
rCold   . . .        (shield currently unavailable)
rNeg    . . .        c - +0 leather armour
rPois   .            (no helmet)
rElec   .            (no cloak)
rCorr   .            (no gloves)
SInv    .            (no boots)
Will    .....        f - amulet of the acrobat
Stlth   ++           (no ring)
HPRegen 0.23/turn    (no ring)
MPRegen 0.09/turn

%: acrobat
@: lethally poisoned (0 -> -1), weak-willed, acrobatic
A: no striking features
a: no special abilities


You were on level 1 of the Dungeon.
You visited 1 branch of the dungeon, and saw 1 of its levels.

You collected 58 gold pieces.


   Skills:
 - Level 1.5 Fighting
 + Level 6.7 Ranged Weapons
 - Level 2.4 Dodging
 - Level 1.2 Stealth


You had 2 spell levels left.
You didn't know any spells.
Your spell library was empty.

Inventory:

Hand Weapons
 Y - a +1 shortbow (weapon)
Armour
 c - a +0 leather armour (worn)
Jewellery
 f - an amulet of the acrobat (around neck)
Potions
 g - a potion of curing {unknown}

Dungeon Overview and Level Annotations

Branches:
Dungeon (1/15)

Altars:


Message History

As you read the scroll labelled QEUSAROLESM, it crumbles to dust.
It was a scroll of poison.
Done exploring.
902 ||| DROPPING scroll of butterflies.
You drop a scroll of butterflies.
Done exploring.
(D) Dungeon
Where to? (* - list waypoints, ? - help)
What level of the Dungeon? (default 1, ? - help) Sorry, I don't know how to get there.
Enter note:
Enter note:
Enter note:
Enter note:
Enter note:
Enter note:
Enter note:
Enter note:
Enter note: Really walk into that cloud of poison gas?
You are engulfed in poison gas.
You are poisoned.
You feel very sick.
904 ||| Stepping ~*~*~tactically~*~*~ (cloud).
You feel sick.
You see here a scroll of butterflies.
There is a lethal amount of poison in your body!
You feel sick.
There is a lethal amount of poison in your body!
You feel sick.
There is a lethal amount of poison in your body!
You feel sick.
There is a lethal amount of poison in your body!
You feel sick.
There is a lethal amount of poison in your body!
You feel sick.
There is a lethal amount of poison in your body!
You feel sick.
There is a lethal amount of poison in your body!
You feel sick.
There is a lethal amount of poison in your body!
You die...

#.#.# ##.##.###.#...#.#...
#.#.# #....##.¤..........
#.#.# #.##...¤00...#.#...
#.#.# #.##.##¤#..........
#.#.#####.##.#¤0...#.....#.
#.#.........0.¤............
#.#.¤###0###¤#..........###
#)..0¤00¤.0..####...#####
####.#0¤..@¤¤¤.0¤¤..#
#0.0.0########¤..# #######
#####


There were no monsters in sight!

Vanquished Creatures
  A gnoll (D:1)
  A ball python (D:1)
  2 endoplasms (D:1)
  A giant cockroach (D:1)
  A goblin (D:1)
  3 hobgoblins (D:1)
  5 kobolds (D:1)
  A quokka (D:1)
  3 bats (D:1)
  4 frilled lizards (D:1)
  2 rats (D:1)
24 creatures vanquished.

Notes
Turn   | Place    | Note
-------+----------+-------------------------------------------
     0 | D:1      | qw the Deep Elf Hunter began the quest for the Orb.
     0 | D:1      | Reached XP level 1. HP: 12/12 MP: 3/3
     0 | D:1      | 0 ||| qw: Version: 0.3-a-22-g0ed2b0b
     0 | D:1      | 0 ||| qw: Game counter: 6501
     0 | D:1      | 0 ||| qw: Melee chars always use a shield: true
     0 | D:1      | 0 ||| qw: God list: Okawaru
     0 | D:1      | 0 ||| qw: Allow faded altars: false
     0 | D:1      | 0 ||| qw: Do Orc after clearing Dungeon:15 true
     0 | D:1      | 0 ||| qw: Do second Lair branch before Depths: true
     0 | D:1      | 0 ||| qw: Lair rune preference: random
     0 | D:1      | 0 ||| qw: Goals: Normal
     0 | D:1      | 0 ||| PLANNING D:1-11
    54 | D:1      | Reached skill level 6 in Ranged Weapons
    54 | D:1      | Reached XP level 2. HP: 9/16 MP: 4/4
    96 | D:1      | 96 ||| FLEEEEING.
   198 | D:1      | Found a faded altar of an unknown god.
   307 | D:1      | HP: 4/16 [poisoned by a kobold]
   419 | D:1      | Reached XP level 3. HP: 20/20 MP: 5/5
   789 | D:1      | 789 ||| UPGRADING to amulet of the acrobat.
   794 | D:1      | 794 ||| READING scroll labelled BUUTHR NIMERUVA.
   895 | D:1      | 895 ||| READING scroll labelled UNKUATWUOT.
   896 | D:1      | 896 ||| READING scroll labelled GUSYAM ZONWISM.
   900 | D:1      | 900 ||| READING scroll labelled GEWKAI OWOOTE.
   901 | D:1      | 901 ||| READING scroll labelled QEUSAROLESM.
   902 | D:1      | 902 ||| DROPPING scroll of butterflies.
   904 | D:1      | 904 ||| Stepping ~*~*~tactically~*~*~ (cloud).
   906 | D:1      | HP: 4/20 [poisoned by you (poison gas)]
   910 | D:1      | HP: 1/20 [poisoned by you (poison gas)]
   912 | D:1      | Succumbed to their own poison gas

Levels and vault maps discovered:
D:1:      spicycebolla_green_bress_n_ham, layout_loops_ring,
          shapermc_ecumenical_altar_gd, st_stairs_2, minmay_ruptured

Skill      XL: |  1 |
---------------+----+-----
Ranged Weapons | 6 |  6.7
Fighting       | |  1.5
Dodging        | |  2.4
Stealth        | |  1.2

Action                     || total
---------------------------++-------
   Fire: Shortbow          ||    62
    Use: Scroll            ||     5
 Armour: Leather armour    ||     4
  Dodge: Dodged            ||     8

Table legend:
 A = Non-vault XP
 B = Vault XP
 C = Vault XP percentage of total XP
 D = Non-vault monster count
 E = Vault monster count
 F = Vault count percentage of total count
                 A         B        C        D         E       F
            +---------+---------+-------+---------+---------+-------
      Total |      40 |      10 |  20.0 |      19 |       5 |  20.8
            +---------+---------+-------+---------+---------+-------
        D:1 |      40 |      10 |  20.0 |      19 |       5 |  20.8
            +---------+---------+-------+---------+---------+-------
